Workbook
Name Monate: TabelleMonate!$A$2:$A$10

Sheet pl
A1: Index | B1: TRX - 10/31/2018 | C1: 2018 | D1: 2019 | E1: 2020 | F1: 2021 | G1: 2022 | H1: 2023 | I1: 2024 | J1: 2025 | K1: 2026 | L1: 2027 | M1: 2028 | N1: 2029 | O1: 2030 | P1: 2031 | Q1: 2032 | R1: 2033 | S1: 2034 | T1: 2035 | U1: 2036 | V1: 2037 | W1: 2038 | X1: 2039 | Y1: 2040 | Z1: 2041 | AA1: 2042 | AB1: 2043 | AC1: 2044 | AD1: 2045
A2: Erlös | B2: 0 | C2: 426919 | D2: 2229700 | E2: 2267631 | F2: 2306329 | G2: 2243824 | H2: 2282088 | I2: 2321020 | J2: 2253274 | K2: 2300573 | L2: 2331037 | M2: 2243721 | N2: 2249195 | O2: 2287552 | P2: 2326434 | Q2: 2366198 | R2: 2165971 | S2: 2202891 | T2: 2240594 | U2: 2025652 | V2: 2060184 | W2: 1924490 | X2: 1575189 | Y2: 1606693 | Z2: 1638827 | AA2: 1671603 | AB2: 1186713 | AC2: 0 | AD2: 0
A3: Betriebskosten | B3: 0 | C3: -93357 | D3: -502915 | E3: -516415 | F3: -530345 | G3: -538143 | H3: -552721 | I3: -567763 | J3: -575938 | K3: -592303 | L3: -607958 | M3: -625384 | N3: -663221 | O3: -681335 | P3: -700026 | Q3: -719345 | R3: -719996 | S3: -722723 | T3: -728638 | U3: -727683 | V3: -748167 | W3: -754124 | X3: -741052 | Y3: -762269 | Z3: -784236 | AA3: -806987 | AB3: -600109 | AC3: 0 | AD3: 0
A4: EBITDA | B4: 0 | C4: 333562 | D4: 1726785 | E4: 1751216 | F4: 1775985 | G4: 1705681 | H4: 1729367 | I4: 1753257 | J4: 1677336 | K4: 1708270 | L4: 1723079 | M4: 1618336 | N4: 1585974 | O4: 1606217 | P4: 1626408 | Q4: 1646853 | R4: 1445975 | S4: 1480167 | T4: 1511956 | U4: 1297969 | V4: 1312017 | W4: 1170366 | X4: 834137 | Y4: 844424 | Z4: 854591 | AA4: 864616 | AB4: 586604 | AC4: 0 | AD4: 0
A5: Abschreibungen | B5: 0 | C5: -287500 | D5: -1725000 | E5: -1725000 | F5: -1725000 | G5: -1541667 | H5: -625000 | I5: -625000 | J5: -625000 | K5: -625000 | L5: -625000 | M5: -625000 | N5: -625000 | O5: -625000 | P5: -625000 | Q5: -625000 | R5: -625000 | S5: -520833 | T5: 0 | U5: 0 | V5: 0 | W5: 0 | X5: 0 | Y5: 0 | Z5: 0 | AA5: 0 | AB5: 0 | AC5: 0 | AD5: 0
A6: Steuerwirksam | B6: 0 | C6: -287500 | D6: -1725000 | E6: -1725000 | F6: -1725000 | G6: -1541667 | H6: -625000 | I6: -625000 | J6: -625000 | K6: -625000 | L6: -625000 | M6: -625000 | N6: -625000 | O6: -625000 | P6: -625000 | Q6: -625000 | R6: -625000 | S6: -520833 | T6: 0 | U6: 0 | V6: 0 | W6: 0 | X6: 0 | Y6: 0 | Z6: 0 | AA6: 0 | AB6: 0 | AC6: 0 | AD6: 0
A7: Steuerneutral | B7: 0 | C7: 0 | D7: 0 | E7: 0 | F7: 0 | G7: 0 | H7: 0 | I7: 0 | J7: 0 | K7: 0 | L7: 0 | M7: 0 | N7: 0 | O7: 0 | P7: 0 | Q7: 0 | R7: 0 | S7: 0 | T7: 0 | U7: 0 | V7: 0 | W7: 0 | X7: 0 | Y7: 0 | Z7: 0 | AA7: 0 | AB7: 0 | AC7: 0 | AD7: 0
A8: EBIT | B8: 0 | C8: 46062 | D8: 1785 | E8: 26216 | F8: 50985 | G8: 164014 | H8: 1104367 | I8: 1128257 | J8: 1052336 | K8: 1083270 | L8: 1098079 | M8: 993336 | N8: 960974 | O8: 981217 | P8: 1001408 | Q8: 1021853 | R8: 820975 | S8: 959334 | T8: 1511956 | U8: 1297969 | V8: 1312017 | W8: 1170366 | X8: 834137 | Y8: 844424 | Z8: 854591 | AA8: 864616 | AB8: 586604 | AC8: 0 | AD8: 0
A9: Zins | B9: 0 | C9: -108000 | D9: -630811 | E9: -588950 | F9: -539319 | G9: -485503 | H9: -428804 | I9: -368286 | J9: -305180 | K9: -241473 | L9: -180664 | M9: -120106 | N9: -81404 | O9: -57865 | P9: -34327 | Q9: -10788 | R9: 0 | S9: 0 | T9: 0 | U9: 0 | V9: 0 | W9: 0 | X9: 0 | Y9: 0 | Z9: 0 | AA9: 0 | AB9: 0 | AC9: 0 | AD9: 0
A10: EBT | B10: 0 | C10: -61938 | D10: -629026 | E10: -562734 | F10: -488334 | G10: -321488 | H10: 675564 | I10: 759971 | J10: 747156 | K10: 841798 | L10: 917415 | M10: 873231 | N10: 879570 | O10: 923352 | P10: 967081 | Q10: 1011065 | R10: 820975 | S10: 959334 | T10: 1511956 | U10: 1297969 | V10: 1312017 | W10: 1170366 | X10: 834137 | Y10: 844424 | Z10: 854591 | AA10: 864616 | AB10: 586604 | AC10: 0 | AD10: 0
A11: Steuern | B11: 0 | C11: 15485 | D11: 157257 | E11: 140683 | F11: 122084 | G11: 80372 | H11: -168891 | I11: -189993 | J11: -186789 | K11: -210449 | L11: -229354 | M11: -218308 | N11: -219892 | O11: -230838 | P11: -241770 | Q11: -252766 | R11: -205244 | S11: -239834 | T11: -377989 | U11: -324492 | V11: -328004 | W11: -292591 | X11: -208534 | Y11: -211106 | Z11: -213648 | AA11: -216154 | AB11: -146651 | AC11: 0 | AD11: 0
A12: NOPAT | B12: 0 | C12: -46454 | D12: -471770 | E12: -422050 | F12: -366251 | G12: -241116 | H12: 506673 | I12: 569978 | J12: 560367 | K12: 631348 | L12: 688061 | M12: 654923 | N12: 659677 | O12: 692514 | P12: 725311 | Q12: 758298 | R12: 615731 | S12: 719501 | T12: 1133967 | U12: 973477 | V12: 984013 | W12: 877774 | X12: 625603 | Y12: 633318 | Z12: 640943 | AA12: 648462 | AB12: 439953 | AC12: 0 | AD12: 0
A14: Projektname: GM Example - Wind Onshore AR
A15: Variante: GM Example - Wind Onshore AR
A16: Mit greenmatch generiert am: 24.01.2018 09:19:02
A17: Generiert von: felix.kuske@sterr-koelln.com
A20: Über green[::]match
A21: Dieser Finanzplan wurde mit green[::]match erstellt. green[::]match ist die weltweit führende Finanzmodellierungsanwendung für erneuerbare Energien.
A22: Registrieren Sie sich auf www.greenmatch.ch um mehr Infos zu diesem Projekt zu erhalten. Sobald der Projektersteller das Projekt mit Ihnen teilt haben Sie Zugriff auf detaillierte Projektinformationen.

Sheet cf
A1: Index | B1: TRX - 10/31/2018 | C1: 2018 | D1: 2019 | E1: 2020 | F1: 2021 | G1: 2022 | H1: 2023 | I1: 2024 | J1: 2025 | K1: 2026 | L1: 2027 | M1: 2028 | N1: 2029 | O1: 2030 | P1: 2031 | Q1: 2032 | R1: 2033 | S1: 2034 | T1: 2035 | U1: 2036 | V1: 2037 | W1: 2038 | X1: 2039 | Y1: 2040 | Z1: 2041 | AA1: 2042 | AB1: 2043 | AC1: 2044 | AD1: 2045
A2: Operativer Cashflow | B2: 0 | C2: 333562 | D2: 1726785 | E2: 1751216 | F2: 1775985 | G2: 1705681 | H2: 1729367 | I2: 1753257 | J2: 1677336 | K2: 1678478 | L2: 1512629 | M2: 1388983 | N2: 1367666 | O2: 1386325 | P2: 1395570 | Q2: 1405083 | R2: 1193209 | S2: 1274924 | T2: 1272123 | U2: 919980 | V2: 987525 | W2: 842361 | X2: 541546 | Y2: 635890 | Z2: 643485 | AA2: 650968 | AB2: 370450 | AC2: -146651 | AD2: 0
A3: Erlös | B3: 0 | C3: 426919 | D3: 2229700 | E3: 2267631 | F3: 2306329 | G3: 2243824 | H3: 2282088 | I3: 2321020 | J3: 2253274 | K3: 2300573 | L3: 2331037 | M3: 2243721 | N3: 2249195 | O3: 2287552 | P3: 2326434 | Q3: 2366198 | R3: 2165971 | S3: 2202891 | T3: 2240594 | U3: 2025652 | V3: 2060184 | W3: 1924490 | X3: 1575189 | Y3: 1606693 | Z3: 1638827 | AA3: 1671603 | AB3: 1186713 | AC3: 0 | AD3: 0
A4: Betriebskosten | B4: 0 | C4: -93357 | D4: -502915 | E4: -516415 | F4: -530345 | G4: -538143 | H4: -552721 | I4: -567763 | J4: -575938 | K4: -592303 | L4: -607958 | M4: -625384 | N4: -663221 | O4: -681335 | P4: -700026 | Q4: -719345 | R4: -719996 | S4: -722723 | T4: -728638 | U4: -727683 | V4: -748167 | W4: -754124 | X4: -741052 | Y4: -762269 | Z4: -784236 | AA4: -806987 | AB4: -600109 | AC4: 0 | AD4: 0
A5: Steuern | B5: 0 | C5: 0 | D5: 0 | E5: 0 | F5: 0 | G5: 0 | H5: 0 | I5: 0 | J5: 0 | K5: -29793 | L5: -210449 | M5: -229354 | N5: -218308 | O5: -219892 | P5: -230838 | Q5: -241770 | R5: -252766 | S5: -205244 | T5: -239834 | U5: -377989 | V5: -324492 | W5: -328004 | X5: -292591 | Y5: -208534 | Z5: -211106 | AA5: -213648 | AB5: -216154 | AC5: -146651 | AD5: 0
A6: Investiver Cashflow | B6: -14400000 | C6: 0 | D6: 0 | E6: 0 | F6: 0 | G6: 0 | H6: 0 | I6: 0 | J6: 0 | K6: 0 | L6: 0 | M6: 0 | N6: 0 | O6: 0 | P6: 0 | Q6: 0 | R6: 0 | S6: 0 | T6: 0 | U6: 0 | V6: 0 | W6: 0 | X6: 0 | Y6: 0 | Z6: 0 | AA6: 0 | AB6: 0 | AC6: 0 | AD6: 0
A7: Investitionen | B7: -14400000 | C7: 0 | D7: 0 | E7: 0 | F7: 0 | G7: 0 | H7: 0 | I7: 0 | J7: 0 | K7: 0 | L7: 0 | M7: 0 | N7: 0 | O7: 0 | P7: 0 | Q7: 0 | R7: 0 | S7: 0 | T7: 0 | U7: 0 | V7: 0 | W7: 0 | X7: 0 | Y7: 0 | Z7: 0 | AA7: 0 | AB7: 0 | AC7: 0 | AD7: 0
A8: Transaktionskosten | B8: 0 | C8: 0 | D8: 0 | E8: 0 | F8: 0 | G8: 0 | H8: 0 | I8: 0 | J8: 0 | K8: 0 | L8: 0 | M8: 0 | N8: 0 | O8: 0 | P8: 0 | Q8: 0 | R8: 0 | S8: 0 | T8: 0 | U8: 0 | V8: 0 | W8: 0 | X8: 0 | Y8: 0 | Z8: 0 | AA8: 0 | AB8: 0 | AC8: 0 | AD8: 0
A9: Free Cashflow | B9: -14400000 | C9: 333562 | D9: 1726785 | E9: 1751216 | F9: 1775985 | G9: 1705681 | H9: 1729367 | I9: 1753257 | J9: 1677336 | K9: 1678478 | L9: 1512629 | M9: 1388983 | N9: 1367666 | O9: 1386325 | P9: 1395570 | Q9: 1405083 | R9: 1193209 | S9: 1274924 | T9: 1272123 | U9: 919980 | V9: 987525 | W9: 842361 | X9: 541546 | Y9: 635890 | Z9: 643485 | AA9: 650968 | AB9: 370450 | AC9: -146651 | AD9: 0
A10: Fremdkapitalauszahlung | B10: 10800000 | C10: 0 | D10: 0 | E10: 0 | F10: 0 | G10: 0 | H10: 0 | I10: 0 | J10: 0 | K10: 0 | L10: 0 | M10: 0 | N10: 0 | O10: 0 | P10: 0 | Q10: 0 | R10: 0 | S10: 0 | T10: 0 | U10: 0 | V10: 0 | W10: 0 | X10: 0 | Y10: 0 | Z10: 0 | AA10: 0 | AB10: 0 | AC10: 0 | AD10: 0
A11: Schuldendienst | B11: 0 | C11: 0 | D11: -1418461 | E11: -1438543 | F11: -1458856 | G11: -1416249 | H11: -1420658 | I11: -1440303 | J11: -1393748 | K11: -1378867 | L11: -1242276 | M11: -1065748 | N11: -362250 | O11: -338712 | P11: -315173 | Q11: -291635 | R11: 0 | S11: 0 | T11: 0 | U11: 0 | V11: 0 | W11: 0 | X11: 0 | Y11: 0 | Z11: 0 | AA11: 0 | AB11: 0 | AC11: 0 | AD11: 0
A12: Zins | B12: 0 | C12: 0 | D12: -636726 | E12: -596841 | F12: -547880 | G12: -494476 | H12: -438534 | I12: -378679 | J12: -315709 | K12: -252406 | L12: -190971 | M12: -129180 | N12: -85327 | O12: -61788 | P12: -38250 | Q12: -14712 | R12: 0 | S12: 0 | T12: 0 | U12: 0 | V12: 0 | W12: 0 | X12: 0 | Y12: 0 | Z12: 0 | AA12: 0 | AB12: 0 | AC12: 0 | AD12: 0
A13: Fixe Tilgung | B13: 0 | C13: 0 | D13: -781735 | E13: -841702 | F13: -910976 | G13: -921773 | H13: -982124 | I13: -1061624 | J13: -1078039 | K13: -1126461 | L13: -1051305 | M13: -936569 | N13: -276923 | O13: -276923 | P13: -276923 | Q13: -276923 | R13: 0 | S13: 0 | T13: 0 | U13: 0 | V13: 0 | W13: 0 | X13: 0 | Y13: 0 | Z13: 0 | AA13: 0 | AB13: 0 | AC13: 0 | AD13: 0
... A23: Liquiditätsveränderung | B23: 450050 | C23: 333562 | D23: -483612 | E23: 0 | F23: 0 | G23: 0 | H23: 0 | I23: 0 | J23: 0 | K23: 0 | L23: 0 | M23: 0 | N23: 0 | O23: 0 | P23: 0 | Q23: 0 | R23: 0 | S23: 0 | T23: 0 | U23: 0 | V23: 0 | W23: 0 | X23: 0 | Y23: 0 | Z23: 0 | AA23: 0 | AB23: 0 | AC23: -300000 | AD23: 0
A25: Projektname: Wind Onshore EEG 2017
A26: Variante: WTG 3.45 MW - Wind Yield 1
A27: Mit greenmatch generiert am: 23.01.2018 11:15:25
A28: Generiert von: felix.kuske@sterr-koelln.com
A31: Über green[::]match
A32: Dieser Finanzplan wurde mit green[::]match erstellt. green[::]match ist die weltweit führende Finanzmodellierungsanwendung für erneuerbare Energien.
A33: Registrieren Sie sich auf www.greenmatch.ch um mehr Infos zu diesem Projekt zu erhalten. Sobald der Projektersteller das Projekt mit Ihnen teilt haben Sie Zugriff auf detaillierte Projektinformationen.

Sheet bs
A1: Index | B1: TRX - 10/31/2018 | C1: 12/31/2018 | D1: 12/31/2019 | E1: 12/31/2020 | F1: 12/31/2021 | G1: 12/31/2022 | H1: 12/31/2023 | I1: 12/31/2024 | J1: 12/31/2025 | K1: 12/31/2026 | L1: 12/31/2027 | M1: 12/31/2028 | N1: 12/31/2029 | O1: 12/31/2030 | P1: 12/31/2031 | Q1: 12/31/2032 | R1: 12/31/2033 | S1: 12/31/2034 | T1: 12/31/2035 | U1: 12/31/2036 | V1: 12/31/2037 | W1: 12/31/2038 | X1: 12/31/2039 | Y1: 12/31/2040 | Z1: 12/31/2041 | AA1: 12/31/2042 | AB1: 12/31/2043 | AC1: 12/31/2044 | AD1: 12/31/2045
A2: Aktiven | B2: 14850050 | C2: 14911596 | D2: 12860291 | E2: 11275975 | F2: 9673058 | G2: 8211763 | H2: 7417873 | I2: 6602880 | J2: 5820883 | K2: 5195883 | L2: 4570883 | M2: 3945883 | N2: 3320883 | O2: 2695883 | P2: 2070883 | Q2: 1445883 | R2: 820883 | S2: 300050 | T2: 300050 | U2: 300050 | V2: 300050 | W2: 300050 | X2: 300050 | Y2: 300050 | Z2: 300050 | AA2: 300050 | AB2: 300000 | AC2: 0 | AD2: 0
A3: Liquidität | B3: 450050 | C3: 783612 | D3: 300000 | E3: 300000 | F3: 300000 | G3: 300000 | H3: 300000 | I3: 300000 | J3: 300000 | K3: 300000 | L3: 300000 | M3: 300000 | N3: 300000 | O3: 300000 | P3: 300000 | Q3: 300000 | R3: 300000 | S3: 300000 | T3: 300000 | U3: 300000 | V3: 300000 | W3: 300000 | X3: 300000 | Y3: 300000 | Z3: 300000 | AA3: 300000 | AB3: 300000 | AC3: 0 | AD3: 0
A4: Debitoren | B4: 0 | C4: 15485 | D4: 172741 | E4: 313425 | F4: 435508 | G4: 515880 | H4: 346989 | I4: 156996 | J4: 0 | K4: 0 | L4: 0 | M4: 0 | N4: 0 | O4: 0 | P4: 0 | Q4: 0 | R4: 0 | S4: 0 | T4: 0 | U4: 0 | V4: 0 | W4: 0 | X4: 0 | Y4: 0 | Z4: 0 | AA4: 0 | AB4: 0 | AC4: 0 | AD4: 0
A5: Vorauszahlungen | B5: 0 | C5: 0 | D5: 0 | E5: 0 | F5: 0 | G5: 0 | H5: 0 | I5: 0 | J5: 0 | K5: 0 | L5: 0 | M5: 0 | N5: 0 | O5: 0 | P5: 0 | Q5: 0 | R5: 0 | S5: 0 | T5: 0 | U5: 0 | V5: 0 | W5: 0 | X5: 0 | Y5: 0 | Z5: 0 | AA5: 0 | AB5: 0 | AC5: 0 | AD5: 0
A6: Reserven | B6: 0 | C6: 0 | D6: 50 | E6: 50 | F6: 50 | G6: 50 | H6: 50 | I6: 50 | J6: 50 | K6: 50 | L6: 50 | M6: 50 | N6: 50 | O6: 50 | P6: 50 | Q6: 50 | R6: 50 | S6: 50 | T6: 50 | U6: 50 | V6: 50 | W6: 50 | X6: 50 | Y6: 50 | Z6: 50 | AA6: 50 | AB6: 0 | AC6: 0 | AD6: 0
A7: Transaktionskosten | B7: 0 | C7: 0 | D7: 0 | E7: 0 | F7: 0 | G7: 0 | H7: 0 | I7: 0 | J7: 0 | K7: 0 | L7: 0 | M7: 0 | N7: 0 | O7: 0 | P7: 0 | Q7: 0 | R7: 0 | S7: 0 | T7: 0 | U7: 0 | V7: 0 | W7: 0 | X7: 0 | Y7: 0 | Z7: 0 | AA7: 0 | AB7: 0 | AC7: 0 | AD7: 0
A8: Anlage | B8: 14400000 | C8: 14112500 | D8: 12387500 | E8: 10662500 | F8: 8937500 | G8: 7395833 | H8: 6770833 | I8: 6145833 | J8: 5520833 | K8: 4895833 | L8: 4270833 | M8: 3645833 | N8: 3020833 | O8: 2395833 | P8: 1770833 | Q8: 1145833 | R8: 520833 | S8: 0 | T8: 0 | U8: 0 | V8: 0 | W8: 0 | X8: 0 | Y8: 0 | Z8: 0 | AA8: 0 | AB8: 0 | AC8: 0 | AD8: 0
A9: Passiven | B9: -14850050 | C9: -14911596 | D9: -12860291 | E9: -11275975 | F9: -9673058 | G9: -8211763 | H9: -7417873 | I9: -6602880 | J9: -5820883 | K9: -5195883 | L9: -4570883 | M9: -3945883 | N9: -3320883 | O9: -2695883 | P9: -2070883 | Q9: -1445883 | R9: -820883 | S9: -300050 | T9: -300050 | U9: -300050 | V9: -300050 | W9: -300050 | X9: -300050 | Y9: -300050 | Z9: -300050 | AA9: -300050 | AB9: -300000 | AC9: 0 | AD9: 0
A10: Finanzierungslücke | B10: 0 | C10: 0 | D10: 0 | E10: 0 | F10: 0 | G10: 0 | H10: 0 | I10: 0 | J10: 0 | K10: 0 | L10: 0 | M10: 0 | N10: 0 | O10: 0 | P10: 0 | Q10: 0 | R10: 0 | S10: 0 | T10: 0 | U10: 0 | V10: 0 | W10: 0 | X10: 0 | Y10: 0 | Z10: 0 | AA10: 0 | AB10: 0 | AC10: 0 | AD10: 0
A11: Kreditoren | B11: 0 | C11: -108000 | D11: -102086 | E11: -94194 | F11: -85634 | G11: -76660 | H11: -66929 | I11: -56536 | J11: -75799 | K11: -245523 | L11: -254120 | M11: -234000 | N11: -231662 | O11: -238684 | P11: -245693 | Q11: -252766 | R11: -205244 | S11: -239834 | T11: -377989 | U11: -324492 | V11: -328004 | W11: -292591 | X11: -208534 | Y11: -211106 | Z11: -213648 | AA11: -216154 | AB11: -146651 | AC11: 0 | AD11: 0
A12: Rückstellungen | B12: 0 | C12: 0 | D12: 0 | E12: 0 | F12: 0 | G12: 0 | H12: 0 | I12: 0 | J12: 0 | K12: 0 | L12: 0 | M12: 0 | N12: 0 | O12: 0 | P12: 0 | Q12: 0 | R12: 0 | S12: 0 | T12: 0 | U12: 0 | V12: 0 | W12: 0 | X12: 0 | Y12: 0 | Z12: 0 | AA12: 0 | AB12: 0 | AC12: 0 | AD12: 0
A13: Fremdkapital | B13: -10800000 | C13: -10800000 | D13: -10018265 | E13: -9176563 | F13: -8265587 | G13: -7343814 | H13: -6361690 | I13: -5300066 | J13: -4222027 | K13: -3095566 | L13: -2044261 | M13: -1107692 | N13: -830769 | O13: -553846 | P13: -276923 | Q13: 0 | R13: 0 | S13: 0 | T13: 0 | U13: 0 | V13: 0 | W13: 0 | X13: 0 | Y13: 0 | Z13: 0 | AA13: 0 | AB13: 0 | AC13: 0 | AD13: 0
... A15: Eigenkapital | B15: -4050050 | C15: -4003596 | D15: -2739941 | E15: -2005217 | F15: -1321838 | G15: -791289 | H15: -989253 | I15: -1246277 | J15: -1523057 | K15: -1854795 | L15: -2272502 | M15: -2604191 | N15: -2258452 | O15: -1903353 | P15: -1548267 | Q15: -1193117 | R15: -615640 | S15: -60216 | T15: 77939 | U15: 24442 | V15: 27954 | W15: -7459 | X15: -91516 | Y15: -88944 | Z15: -86402 | AA15: -83896 | AB15: -153349 | AC15: 0 | AD15: 0
A17: Projektname: GM Example - Wind Onshore AR
A18: Variante: GM Example - Wind Onshore AR
A19: Mit greenmatch generiert am: 24.01.2018 09:19:02
A20: Generiert von: felix.kuske@sterr-koelln.com
A23: Über green[::]match
A24: Dieser Finanzplan wurde mit green[::]match erstellt. green[::]match ist die weltweit führende Finanzmodellierungsanwendung für erneuerbare Energien.
A25: Registrieren Sie sich auf www.greenmatch.ch um mehr Infos zu diesem Projekt zu erhalten. Sobald der Projektersteller das Projekt mit Ihnen teilt haben Sie Zugriff auf detaillierte Projektinformationen.

Sheet Hilfsrechnung
A1: Stammdaten | D1: Kommentare
A2: Monat Projektstart | B2: ='Mini-Tool'!C18 -> 8 | D2: <- Bitte Auwählen
A3: Projektlaufzeit in Jahren | B3: ='Mini-Tool'!C19 -> 25 | D3: <- Bitte Ausfüllen (Max. 49 Jahre)
A4: Ergebisse | D4: Kommentare
A5: Unternehmenswert | B5: ='Mini-Tool'!C32 -> 5239293.9 | D5: Bei dem Hier angegebenen Wert handelt es sich um den geschätzten Unternehmenswert nach dem IDW S1 vor Abzug der Zusatzkosten.
A7: Jahr | B7: 0 | C7: 1 | D7: 2 | E7: 3 | F7: 4 | G7: 5 | H7: 6 | I7: 7 | J7: 8 | K7: 9 | L7: 10 | M7: 11 | N7: 12 | O7: 13 | P7: 14 | Q7: 15 | R7: 16 | S7: 17 | T7: 18 | U7: 19 | V7: 20 | W7: 21 | X7: 22 | Y7: 23 | Z7: 24 | AA7: 25 | AB7: 26 | AC7: 27 | AD7: 28 | AE7: 29 | AF7: 30 | AG7: 31 | AH7: 32 | AI7: 33 | AJ7: 34 | AK7: 35 | AL7: 36 | AM7: 37 | AN7: 38 | AO7: 39 | AP7: 40 | AQ7: 41 | AR7: 42 | AS7: 43 | AT7: 44 | AU7: 45 | AV7: 46 | AW7: 47 | AX7: 48 | AY7: 49 | AZ7: 50
A9: Ertragssteuersatz | B9: =IFERROR(-((pl!B11*100)/pl!B10)/100,AVERAGE($C$9:$AZ$9)) -> 0.25000032 | C9: =IFERROR(-((pl!C11*100)/pl!C10)/100,AVERAGE($C$9:$AZ$9)) -> 0.25000807 | D9: =IFERROR(-((pl!D11*100)/pl!D10)/100,AVERAGE($C$9:C9)) -> 0.25000079 | E9: =IFERROR(-((pl!E11*100)/pl!E10)/100,AVERAGE($C$9:D9)) -> 0.24999911 | F9: =IFERROR(-((pl!F11*100)/pl!F10)/100,AVERAGE($C$9:E9)) -> 0.25000102 | G9: =IFERROR(-((pl!G11*100)/pl!G10)/100,AVERAGE($C$9:F9)) -> 0.25 | H9: =IFERROR(-((pl!H11*100)/pl!H10)/100,AVERAGE($C$9:G9)) -> 0.25 | I9: =IFERROR(-((pl!I11*100)/pl!I10)/100,AVERAGE($C$9:H9)) -> 0.25000033 | J9: =IFERROR(-((pl!J11*100)/pl!J10)/100,AVERAGE($C$9:I9)) -> 0.25 | K9: =IFERROR(-((pl!K11*100)/pl!K10)/100,AVERAGE($C$9:J9)) -> 0.24999941 | ... AZ9: =IFERROR(-((pl!AZ11*100)/pl!AZ10)/100,AVERAGE($C$9:AY9)) -> 0.25000032
A10: FK/EK | B10: =IFERROR(bs!B13/bs!B15,0) -> 2.6666337 | C10: =IFERROR(bs!C13/bs!C15,0) -> 2.6975749 | D10: =IFERROR(bs!D13/bs!D15,0) -> 3.6563798 | E10: =IFERROR(bs!E13/bs!E15,0) -> 4.5763441 | F10: =IFERROR(bs!F13/bs!F15,0) -> 6.2531014 | G10: =IFERROR(bs!G13/bs!G15,0) -> 9.2808241 | H10: =IFERROR(bs!H13/bs!H15,0) -> 6.4308018 | I10: =IFERROR(bs!I13/bs!I15,0) -> 4.2527191 | ... AZ10: =IFERROR(bs!AZ13/bs!AZ15,0) -> 0
A11: Beta (des verschuldeten Unternehmens) | B11: ='Mini-Tool'!$C$23*(1+(1-Hilfsrechnung!B9)*Hilfsrechnung!B10) -> 1.9499834 | C11: ='Mini-Tool'!$C$23*(1+(1-Hilfsrechnung!C9)*Hilfsrechnung!C10) -> 1.9650536 | D11: ='Mini-Tool'!$C$23*(1+(1-Hilfsrechnung!D9)*Hilfsrechnung!D10) -> 2.4324833 | E11: ='Mini-Tool'!$C$23*(1+(1-Hilfsrechnung!E9)*Hilfsrechnung!E10) -> 2.8809704 | F11: ='Mini-Tool'!$C$23*(1+(1-Hilfsrechnung!F9)*Hilfsrechnung!F10) -> 3.6983828 | G11: ='Mini-Tool'!$C$23*(1+(1-Hilfsrechnung!G9)*Hilfsrechnung!G10) -> 5.1744017 | H11: ='Mini-Tool'!$C$23*(1+(1-Hilfsrechnung!H9)*Hilfsrechnung!H10) -> 3.7850159 | I11: ='Mini-Tool'!$C$23*(1+(1-Hilfsrechnung!I9)*Hilfsrechnung!I10) -> 2.7231997 | ... AZ11: ='Mini-Tool'!$C$23*(1+(1-Hilfsrechnung!AZ9)*Hilfsrechnung!AZ10) -> 0.65
A12: Eigenkapitalkostensatz (des verschuldeten Unternehmens) | B12: ='Mini-Tool'!$C$22+(('Mini-Tool'!$C$21-'Mini-Tool'!$C$22)*B11) -> 0.13453388 | C12: ='Mini-Tool'!$C$22+(('Mini-Tool'!$C$21-'Mini-Tool'!$C$22)*C11) -> 0.13554811 | D12: ='Mini-Tool'!$C$22+(('Mini-Tool'!$C$21-'Mini-Tool'!$C$22)*D11) -> 0.16700612 | E12: ='Mini-Tool'!$C$22+(('Mini-Tool'!$C$21-'Mini-Tool'!$C$22)*E11) -> 0.19718931 | F12: ='Mini-Tool'!$C$22+(('Mini-Tool'!$C$21-'Mini-Tool'!$C$22)*F11) -> 0.25220116 | G12: ='Mini-Tool'!$C$22+(('Mini-Tool'!$C$21-'Mini-Tool'!$C$22)*G11) -> 0.35153724 | H12: ='Mini-Tool'!$C$22+(('Mini-Tool'!$C$21-'Mini-Tool'!$C$22)*H11) -> 0.25803157 | I12: ='Mini-Tool'!$C$22+(('Mini-Tool'!$C$21-'Mini-Tool'!$C$22)*I11) -> 0.18657134 | ... AZ12: ='Mini-Tool'!$C$22+(('Mini-Tool'!$C$21-'Mini-Tool'!$C$22)*AZ11) -> 0.047045
A13: Potenz | B13: 0 | C13: =((12-'Mini-Tool'!$C$18:$D$18)/12+C7)-1 -> 0.33333333 | D13: =C13+1 -> 1.3333333 | E13: =D13+1 -> 2.3333333 | F13: =E13+1 -> 3.3333333 | G13: =F13+1 -> 4.3333333 | H13: =G13+1 -> 5.3333333 | I13: =H13+1 -> 6.3333333 | J13: =I13+1 -> 7.3333333 | K13: =J13+1 -> 8.3333333 | ... AZ13: =AY13+1 -> 49.333333
A14: 1/(1+Eigenkapitalkostensatz)^n | B14: =1/(1+B12)^B13 -> 1 | C14: =1/(1+C12)^C13 -> 0.95851332 | D14: =1/(1+D12)^D13 -> 0.81389645 | E14: =1/(1+E12)^E13 -> 0.65708275 | F14: =1/(1+F12)^F13 -> 0.47251942 | G14: =1/(1+G12)^G13 -> 0.27106822 | H14: =1/(1+H12)^H13 -> 0.29397594 | I14: =1/(1+I12)^I13 -> 0.33843266 | ... AZ14: =1/(1+AZ12)^AZ13 -> 0.10352444
A16: Ausschüttung Diskontiert | B16: - | C16: =C14*(cf!C18) -> 319723.62 | D16: =D14*(cf!D18) -> 250903.11 | E16: =E14*(cf!E18) -> 205452.03 | F16: =F14*(cf!F18) -> 149849.61 | G16: =G14*(cf!G18) -> 78455.816 | H16: =H14*(cf!H18) -> 90753.019 | I16: =I14*(cf!I18) -> 105913.85 | J16: =J14*(cf!J18) -> 109899.36 | ... AC16: =AC14*(cf!AC18) -> -43704.976 | AD16: =AD14*(cf!AD18)*(-1) -> 0 | AE16: =AE14*(cf!AE18)*(-1) -> 0 | AF16: =AF14*(cf!AF18)*(-1) -> 0 | AG16: =AG14*(cf!AG18)*(-1) -> 0 | AH16: =AH14*(cf!AH18)*(-1) -> 0 | AI16: =AI14*(cf!AI18)*(-1) -> 0 | AJ16: =AJ14*(cf!AJ18)*(-1) -> 0 | AK16: =AK14*(cf!AK18)*(-1) -> 0 | ... AZ16: =AZ14*(cf!AZ18)*(-1) -> 0
A17: Thesaurierung (NOPAT -Ausschüttung) Diskontiert | B17: - | C17: =(pl!C12+cf!C19)*C14 -> -44526.778 | D17: =(pl!D12+cf!D19)*D14 -> -1028485.1 | E17: =(pl!E12+cf!E19)*E14 -> -482773.81 | F17: =(pl!F12+cf!F19)*F14 -> -322910.32 | G17: =(pl!G12+cf!G19)*G14 -> -143814.7 | H17: =(pl!H12+cf!H19)*H14 -> 58196.653 | I17: =(pl!I12+cf!I19)*I14 -> 86985.315 | J17: =(pl!J12+cf!J19)*J14 -> 107261.43 | ... AI17: =(pl!AI12+cf!AI19)*AI14 -> 0 | AJ17: =(pl!AJ12-cf!AJ19)*AJ14 -> 0 | AK17: =(pl!AK12-cf!AK19)*AK14 -> 0 | AL17: =(pl!AL12-cf!AL19)*AL14 -> 0 | AM17: =(pl!AM12-cf!AM19)*AM14 -> 0 | AN17: =(pl!AN12-cf!AN19)*AN14 -> 0 | AO17: =(pl!AO12-cf!AO19)*AO14 -> 0 | AP17: =(pl!AP12-cf!AP19)*AP14 -> 0 | AQ17: =(pl!AQ12-cf!AQ19)*AQ14 -> 0 | ... AZ17: =(pl!AZ12-cf!AZ19)*AZ14 -> 0
A18: SUMME | B18: - | C18: =C16+C17 -> 275196.84 | D18: =D16+D17 -> -777582.02 | E18: =E16+E17 -> -277321.77 | F18: =F16+F17 -> -173060.71 | G18: =G16+G17 -> -65358.884 | H18: =H16+H17 -> 148949.67 | I18: =I16+I17 -> 192899.17 | J18: =J16+J17 -> 217160.79 | ... AZ18: =AZ16+AZ17 -> 0
A20: Modell1 Zusatzkosten (Prospekt und Mgnt der Bübet) | B20: ='Mini-Tool'!D25+'Mini-Tool'!D27 -> 80000 | C20: =IF(C7<=$B$3,'Mini-Tool'!$D$26+'Mini-Tool'!$D$28,0)*C14 -> 19170.266 | D20: =IF(D7<=$B$3,'Mini-Tool'!$D$26+'Mini-Tool'!$D$28,0)*D14 -> 16277.929 | E20: =IF(E7<=$B$3,'Mini-Tool'!$D$26+'Mini-Tool'!$D$28,0)*E14 -> 13141.655 | F20: =IF(F7<=$B$3,'Mini-Tool'!$D$26+'Mini-Tool'!$D$28,0)*F14 -> 9450.3884 | G20: =IF(G7<=$B$3,'Mini-Tool'!$D$26+'Mini-Tool'!$D$28,0)*G14 -> 5421.3643 | H20: =IF(H7<=$B$3,'Mini-Tool'!$D$26+'Mini-Tool'!$D$28,0)*H14 -> 5879.5188 | I20: =IF(I7<=$B$3,'Mini-Tool'!$D$26+'Mini-Tool'!$D$28,0)*I14 -> 6768.6531 | J20: =IF(J7<=$B$3,'Mini-Tool'!$D$26+'Mini-Tool'!$D$28,0)*J14 -> 7750.663 | ... AZ20: =IF(AZ7<=$B$3,'Mini-Tool'!$D$26+'Mini-Tool'!$D$28,0)*AZ14 -> 0
A22: Modell2 Zusatzkosten | B22: - | C22: =IF(C7<=$B$3,($B$5*0.2)/$B$3)*C14 -> 40175.464 | D22: =IF(D7<=$B$3,($B$5*0.2)/$B$3)*D14 -> 34113.941 | E22: =IF(E7<=$B$3,($B$5*0.2)/$B$3)*E14 -> 27541.197 | F22: =IF(F7<=$B$3,($B$5*0.2)/$B$3)*F14 -> 19805.345 | G22: =IF(G7<=$B$3,($B$5*0.2)/$B$3)*G14 -> 11361.648 | H22: =IF(H7<=$B$3,($B$5*0.2)/$B$3)*H14 -> 12321.811 | I22: =IF(I7<=$B$3,($B$5*0.2)/$B$3)*I14 -> 14185.185 | J22: =IF(J7<=$B$3,($B$5*0.2)/$B$3)*J14 -> 16243.201 | ... AZ22: =IF(AZ7<=$B$3,($B$5*0.2)/$B$3)*AZ14 -> 0

Sheet Mini-Tool
B1: Ausgangspunkt: Das Bürger- und Gemeindenbeteiligungsgesetz für Mecklenburg-Vorpommern trat am 28.05.2016 in Kraft. Das Mini-Tool anbei berechnet auf Basis der Regelungen des Gesetzes und des IDW S1 welche Zusatzkosten je nach Wahl der Beteiligungsform entstehen.
B16: Input
B17: Stammdaten
B18: Monat Projektstart | C18: 8 | D18: <- Bitte auwählen
B19: Projektlaufzeit in Jahren | C19: 25 | D19: <- Bitte ausfüllen (Max. 49,0 Jahre)
B20: CAPM-Modell
B21: Marktrisikoprämie | C21: 0.0706 | E21: <- Bitte ausfüllen
B22: Risikoloser Zinssatz | C22: 0.0033 | E22: <- Bitte ausfüllen
B23: Beta unverschuldet | C23: 0.65 | E23: <- Bitte ausfüllen
B24: Zusatzkosten
B25: Prospekt | C25: einmalig | D25: 45000 | E25: <- Bitte ausfüllen
C26: jährlich | D26: 5000 | E26: <- Bitte ausfüllen
B27: Management der Bürgerbeteiligung | C27: einmalig | D27: 35000 | E27: <- Bitte ausfüllen
C28: jährlich | D28: 15000 | E28: <- Bitte ausfüllen
B30: Output
B31: Ergebisse | E31: Kommentar
B32: Unternehmenswert | C32: =SUM(Hilfsrechnung!C18:AZ18) -> 5239293.9 | E32: Bei dem hier angegebenen Wert handelt es sich um den geschätzten Unternehmenswert nach dem IDW S1 vor Abzug der Zusatzkosten.
B33: Zusätzliche Kosten Modell 1 | C33: =SUM(Hilfsrechnung!B20:AZ20) -> 315713.71 | E33: Die Zusatzkosten beinhalten Kosten für das Erstellen eines BaFin-Prospektes sowie das Mangement der Bürgerbeteiligung.
B34: Zusätzliche Kosten Modell 2 | C34: =SUM(Hilfsrechnung!B22:AZ22) -> 493989.37 | E34: Die Zusatzkosten beinhalten Kosten für die Ausgabe von Sparbriefen und Ausgleichszahlungen.
B36: Hinweis zur sachgemäßen Nutzung
B37: Das Modell verwendet vereinfachende Annahmen. Gegebenenfalls werden durch die Projektausgestaltung im Einzelfall diese Annahmen verletzt. Da noch kein finales Produktkozept für die Ausgeslatung des Sparbriefs vorliegt, wird die Rolle des Sparbriefes für die Finanzierung nicht hinreichend abgebildet. Gerne stehen wir Ihnen bei Nachfragen zur Verfügug.
B39: Über Sterr-Koelln & Partner
B40: KLARE LÖSUNGEN FÜR DIE ENERGIEZUKUNFT Wir gehören zu den führenden mittelständischen Beratungsunternehmen im Bereich der erneuerbaren Energien und Energieeffizienz. Seit 25 Jahren unterstützen wir unsere Mandanten, Ihre Zukunft nachhaltig zu gestalten. Produktion, Investition, Organisation: Energiefragen stellen sich in jedem Bereich eines Unternehmens oder einer Kommune. Im Gespräch mit unseren Kunden zeigen wir Handlungsoptionen. Es entsteht eine Lösung, die rechtliche, wirtschaftliche, steuerliche und unternehmerische Aspekte in Balance bringt.

Sheet TabelleMonate
A1: Monat
A2: 1
A3: 2
A4: 3
A5: 4
A6: 5
A7: 6
A8: 7
A9: 8
A10: 9
A11: 10
A12: 11
A13: 12
